 Dungeon Crawl Stone Soup version 0.28-a0-938-gbc3f381ebc (webtiles) character file.

Game seed: 17448788457901366528

19 Zonian the Chiller (level 2, 0/13 HPs)
             Began as a Vine Stalker Ice Elementalist on Nov 28, 2021.
             Was a Follower of Yredelemnul.
             Succumbed to an adder's poison
             ... on level 1 of the Dungeon.
             The game lasted 00:02:03 (1148 turns).

Zonian the Chiller (Vine Stalker Ice Elementalist)  Turns: 1148, Time: 00:02:04

Health: 0/13       AC:  2    Str: 10    XL:     2   Next: 75%
Magic:  3/6        EV: 12    Int: 15    God:    Yredelemnul [*.....]
Gold:   33         SH:  0    Dex: 14    Spells: 4/5 levels left

rFire   . . .      SeeInvis .   e - +3 dagger
rCold   . . .      Faith    .   (no shield)
rNeg    . . .      Spirit   +   a - +0 robe
rPois   .          Reflect  .   (no helmet)
rElec   .          Harm     .   (no cloak)
rCorr   .          Rampage  .   (no gloves)
Will    .....                   (no boots)
Stlth   ++........              (no amulet)
HPRegen 0.04/turn               (no ring)
MPRegen 0.10/turn               (no ring)

@: lethally poisoned (0 -> -3)
A: fangs 2, magic shield, antimagic bite, no potion heal 2
a: Renounce Religion, Animate Remains


You were on level 1 of the Dungeon.
You worshipped Yredelemnul.
Yredelemnul was aware of your devotion.
You visited 1 branch of the dungeon, and saw 2 of its levels.

You collected 33 gold pieces.

Inventory:

Hand Weapons
 e - a +3 dagger (weapon)
Armour
 a - a +0 robe (worn)
Scrolls
 b - a scroll of fear {unknown}
 d - 2 scrolls of identify {unknown}
Potions
 c - 4 potions of attraction {unknown}


   Skills:
 + Level 1.5 Dodging
 + Level 2.8 Stealth
 + Level 2.2 Spellcasting
 + Level 4.5 Ice Magic


You had 4 spell levels left.
You knew the following spells:

 Your Spells              Type           Power      Damage    Failure   Level
a - Freeze                Ice            60%        1d8       3%          1

Your spell library contained the following spells:

 Spells                   Type           Power      Damage    Failure   Level
 Frozen Ramparts          Ice            30%        1d5       10%         3
 Ozocubu's Armour         Ice            15%        N/A       10%         3
 Hailstorm                Conj/Ice       8%         3d4       63%         4


Dungeon Overview and Level Annotations

Branches:
Dungeon (2/15)

Altars:
Yredelemnul

Annotations:
D:2 Terence


Innate Abilities, Weirdness & Mutations

You have extremely sharp teeth.
When hurt, damage is shared between your health and your magic reserves.
Your bite disrupts and absorbs the magic of your enemies.
Potions cannot restore your health.


Message History

Okay, then.
Done exploring.
Done exploring.
Unknown command.
Press < or > to pray at altars.
(D) Dungeon
Where to? (Enter - D:1 @ (x,y), ? - help)
There is an open door here.
There is a stone staircase leading down here.
You climb downwards.
There is a stone staircase leading up here.
Unknown command.
You open the door.
Found 9 gold pieces.
A frilled lizard and Terence come into view.
There is an open door here.
Unknown command.
There is a stone staircase leading up here.
An adder comes into view.
Terence shouts!
The adder hisses angrily.
You hit Terence.
Terence is lightly wounded.
Terence misses you.
You freeze Terence.
Terence is lightly wounded.
Terence hits you with a +0 morningstar!
Ouch! That really hurt!
The adder barely misses you. Terence misses you.
The adder completely misses you. The adder bites you.
You are lethally poisoned!
The adder poisons you!
There is a stone staircase leading up here.
* * * LOW HITPOINT WARNING * * *
You feel sick. The adder bites you.
* * * LOW HITPOINT WARNING * * *
You climb upwards.
You die...
Your body rises from the dead as a mindless zombie.

...# #......##≈§≈##.......#
##### #......##≈.≈##.......#
....# #....#.##≈.≈###'######
....# #....#..##.##...# ....#
#..........###..# ....#
#...##..#....#..# ....#
##...........#..# ....#
#.###.......#..####### ....#
#.#####.@............#
....#####.......S##.##..####.#
.........................###.##
....####.....###....#.........##
.....# #.###.###....#....####..#
####.# #.#)....#....#....# ##.##
#.# #.#.#.#.#.........# #..# #.#
#.#.#.#.#...##.#..######'# #.#
#...#.#.#.........##......


You could see an adder.

Vanquished Creatures
  A ball python (D:1)
  An endoplasm (D:1)
  A giant cockroach (D:1)
  3 goblins (D:1)
  2 hobgoblins (D:1)
  4 kobolds (D:1)
  A quokka (D:1)
  2 frilled lizards (D:1)
  3 rats (D:1)
18 creatures vanquished.

Notes
Turn   | Place    | Note
-------+----------+-------------------------------------------
     0 | D:1      | Zonian the Vine Stalker Ice Elementalist began the quest
                  | for the Orb.
     0 | D:1      | Reached XP level 1. HP: 9/9 MP: 4/4
   262 | D:1      | Reached XP level 2. HP: 8/13 MP: 4/6
   993 | D:1      | Found a faded altar of an unknown god.
  1092 | D:1      | Prayed at the altar of an unknown god.
  1092 | D:1      | Became a worshipper of Yredelemnul the Dark
  1092 | D:1      | Reached * piety under Yredelemnul
  1127 | D:2      | Noticed Terence
  1148 | D:1      | Succumbed to an adder's poison

Illustrated notes

Levels and vault maps discovered:
D:1:      mrwooster_arrival_statue_3, layout_basic, basic_ecumenical_altar,
          amcnicky_mini_rare_corridor_liquid
D:2:      layout_basic, serial_shops, shop, shop, basic_altar,
          minmay_joined_circles, uniq_terence

Action                   || total
-------------------------++-------
Melee: Dagger            ||    27
       Bite              ||     7
 Cast: Freeze            ||     8
 Stab: Sleeping          ||     2
Armor: Robe              ||     1
Dodge: Dodged            ||    17

Table legend: (Time is in decaauts)
 A = Elapsed time spent in this place.
 B = Non-inter-level travel time spent in this place.
 C = Inter-level travel time spent in this place.
 D = Time resting spent in this place.
 E = Time spent auto-exploring this place.
 F = Levels seen in this place.
 G = Mean time per level.
                   A        B        C        D        E       F      G
               +--------+--------+--------+--------+--------+-----+--------+
         Total |   1146 |   1098 |     48 |    177 |    741 |   2 |  573.0 |
       Dungeon |   1146 |   1098 |     48 |    177 |    741 |   2 |  573.0 |
               +--------+--------+--------+--------+--------+-----+--------+

Top non-repeatable levels by time:
     D:1: 1123 daAuts
     D:2: 23 daAuts
